 Dungeon Crawl Stone Soup version 0.29-a0-559-g359e09b9d1 (webtiles) character file.

Game seed: 1132747113316072466

17400 Ijustatesigmund the Gargoyle Aeon (level 12, -3/72 HPs)
             Began as a Gargoyle Earth Elementalist on June 8, 2022.
             Was the Champion of Cheibriados.
             Slain by Rupert
             ... wielding a +1 battleaxe of flaming
              (7 damage)
             ... on level 13 of the Dungeon on June 10, 2022.
             The game lasted 01:02:44 (17790 turns).

Ijustatesigmund the Gargoyle Aeon (GrEE)           Turns: 17790, Time: 01:02:45

Health: -3/72      AC: 24    Str: 28    XL:     12   Next: 47%
Magic:  18/23      EV: 17    Int: 35    God:    Cheibriados [******]
Gold:   327        SH:  0    Dex: 25    Spells: 7/25 levels left

rFire   + . .      SeeInvis .   t - +3 mace (protect)
rCold   + . .      Faith    .   (no shield)
rNeg    + + .      Spirit   .   b - +1 troll leather armour
rPois   ∞          Reflect  .   y - +1 hat
rElec   +          Harm     .   z - scarf {rC+ rF+}
rCorr   .          Rampage  .   P - +4 pair of gloves of the Desolation of Salt {*Corrode +Blink rN+ Will+}
Will    ++...                   O - +2 pair of boots {Stlth+}
Stlth   +++.......              D - amulet of magic regeneration
HPRegen 1.02/turn               k - +4 ring of evasion
MPRegen 0.58/turn               l - ring of willpower

@: liquefying, slowed movement, very slow
A: sickness immunity, AC +8, negative energy resistance 1, electricity
resistance, torment resistance 1, petrification resistance
a: Renounce Religion, Evoke Blink, Bend Time, Temporal Distortion, Slouch, Step
From Time


You were on level 13 of the Dungeon.
You worshipped Cheibriados.
Cheibriados was exalted by your worship.
You visited 2 branches of the dungeon, and saw 14 of its levels.
You also visited: Bailey.

You collected 1712 gold pieces.
You spent 1385 gold pieces at shops.

Inventory:

Hand Weapons
 f - a +0 flail
 t - a +3 mace of protection (weapon)
 G - the +7 Throatcutter {drain, coup de grace}
   (You found it on level 8 of the Dungeon)

   A truly terrible weapon, it drains the life of any living foe it strikes.
   It may instantly kill foes which have little health.
Missiles
 u - 4 throwing nets
 w - 364 stones
Armour
 b - a +1 troll leather armour (worn)
 y - a +1 hat (worn)
 z - a scarf of resistance (worn)
 K - the +1 pair of boots of the Ditch-Digger {+Blink rC++ Will- Str+5}
   (You found it on level 9 of the Dungeon)

   Str:       It affects your strength (+5).
   rC:        It greatly protects you from cold.
   +Blink:    It lets you blink.
   Will:      It decreases your willpower.
 O - a +2 pair of boots of stealth (worn)
 P - the +4 pair of gloves of the Desolation of Salt (worn) {*Corrode +Blink rN+ Will+}
   (You acquired it on level 10 of the Dungeon)

   rN:        It protects you from negative energy.
   +Blink:    It lets you blink.
   *Corrode:  It may corrode you when you take damage.
   Will:      It increases your willpower.
 Q - a +0 kite shield
Jewellery
 k - a +4 ring of evasion (left hand)
 l - a ring of willpower (right hand)
 r - a ring of positive energy
 D - an amulet of magic regeneration (around neck)
 L - a +6 ring of strength
 M - a +6 ring of strength
 S - a +6 ring of dexterity
 U - a ring of resist corrosion
Wands
 d - a wand of iceblast (2)
 F - a wand of mindburst (1)
 I - a wand of acid (2)
Scrolls
 a - 4 scrolls of poison
 e - a scroll of amnesia
 g - 5 scrolls of fear
 s - 10 scrolls of teleportation
 E - 3 scrolls of silence
 J - 3 scrolls of identify
 R - 2 scrolls of magic mapping
 T - 2 scrolls of blinking
 V - a scroll of enchant armour
Potions
 c - 3 potions of magic
 h - 3 potions of flight
 j - 4 potions of curing
 m - 6 potions of lignification
 n - 2 potions of invisibility
 o - 4 potions of attraction
 p - 2 potions of might
 q - a potion of ambrosia
 v - 7 potions of haste
 x - 3 potions of brilliance
 A - 2 potions of berserk rage
 B - a potion of heal wounds
 C - 2 potions of mutation
 H - a potion of cancellation
 N - 2 potions of resistance
Miscellaneous
 i - a phantom mirror (inert)


   Skills:
 - Level 7.1 Fighting
 - Level 6.0 Maces & Flails
 - Level 6.3 Armour
 - Level 2.5 Dodging
 - Level 2.1 Stealth
 - Level 4.2 Shields
 - Level 7.4 Spellcasting
 - Level 8.2 Conjurations
 - Level 4.6 Hexes
 - Level 3.0 Translocations
 - Level 0.7 Transmutations
 + Level 8.1 Earth Magic
 - Level 8.7 Invocations
 - Level 3.0 Evocations


You had 7 spell levels left.
You knew the following spells:

 Your Spells              Type           Power      Damage    Failure   Level
a - Sandblast             Erth           100%       2d20      1%          1
b - Stone Arrow           Conj/Erth      100%       3d13      1%          3
c - Blink                 Tloc           68%        N/A       1%          2
d - Passwall              Tmut/Erth      35%        N/A       1%          2
e - Leda's Liquefaction   Hex/Erth       27%        N/A       2%          4
f - Lee's Rapid Deconstr  Erth           31%        3d17*     3%          5
g - Apportation           Tloc           68%        N/A       1%          1

Your spell library contained the following spells:

 Spells                   Type           Power      Damage    Failure   Level
 Confusing Touch          Hex            45%        N/A       1%          3
 Tukima's Dance           Hex            45%        N/A       1%          3
 Portal Projectile        Hex/Tloc       80%        N/A       2%          3
 Fulminant Prism          Conj/Hex       27%        3d14      2%          4
 Lesser Beckoning         Tloc           34%        N/A       3%          3
 Iskenderun's Mystic Bla  Conj/Tloc      51%        2d11      3%          4
 Iskenderun's Battlesphe  Conj           63%        2d11      3%          5
 Petrify                  Tmut/Erth      43%        N/A       6%          4
 Hailstorm                Conj/Ice       41%        3d10      7%          4
 Iron Shot                Conj/Erth      31%        9d6       19%         6
 Manifold Assault         Tloc           34%        N/A       28%         5
 Ice Form                 Ice/Tmut       15%        N/A       30%         4
 Yara's Violent Unravell  Hex/Tmut       15%        3d8       32%         5
 Summon Ice Beast         Ice/Summ       13%        N/A       34%         4
 Summon Mana Viper        Hex/Summ       29%        N/A       36%         5
 Summon Forest            Summ/Tloc      11%        N/A       47%         5
 Blade Hands              Tmut           9%         N/A       58%         5
 Alistair's Intoxication  Tmut/Pois      10%        N/A       65%         5
 Simulacrum               Ice/Necr       6%         N/A       99%         6
 Summon Cactus Giant      Summ           6%         N/A       99%         6
 Enfeeble                 Hex            22%        N/A       99%         7
 Spellforged Servitor     Conj/Summ      20%        N/A       99%         7
 Monstrous Menagerie      Summ           6%         N/A       100%        7
 Statue Form              Tmut/Erth      Unusable   N/A       N/A         6

Dungeon Overview and Level Annotations

Branches:
Dungeon (13/15)            Temple (1/1) D:4            Lair (0/6) D:11
    Orc (0/2) D:11         Bailey (visited)
 Vaults: D:13-14

Altars:
Ashenzari
Cheibriados
Dithmenos
Elyvilon
Fedhas
Gozag
Hepliaklqana
Kikubaaqudgha
Makhleb
Nemelex Xobeh
Okawaru
Qazlal
Ru
Sif Muna
Trog
Uskayaw
Vehumet
Wu Jian
Xom
Yredelemnul
Zin
The Shining One
Beogh

Shops:
D:7 *   D:12 ??:?

Portals:
Trove: D:12 (give 11 potions of heal wounds)

Annotations:
D:4 hemabe1971's ghost, novice HuAr
D:7 2 transporters, Necrophagist's ghost, novice HOFi
D:13 Rupert


Innate Abilities, Weirdness & Mutations

You are immune to sickness and miasma.
Your stone body is resilient. (AC +8)
You are immune to poison.
You resist negative energy. (rN+)
You are resistant to electric shocks. (rElec)
You are resistant to unholy torment.
You are immune to petrification.


Message History

Aim: Rupert, wielding a +1 battleaxe of flaming and wearing a +1 scale mail of fire resistance (severely wounded, berserk, covering ground slowly, 81% to hit)
The stone arrow misses Rupert.
Rupert hits you but does no damage.
Rupert hits you with a +1 battleaxe of flaming!
Rupert burns you.
Casting: Stone Arrow (safe; 1% risk of failure)
Confirm with . or Enter, or press ? or * to list all spells.
You don't have enough magic to cast this spell.
Magic courses through your body.
Rupert hits you with a +1 battleaxe of flaming!!
Rupert burns you. The cyan ugly thing closely misses you.
Casting: Stone Arrow (safe; 1% risk of failure)
Confirm with . or Enter, or press ? or * to list all spells.
Aiming: Stone Arrow (safe; 1% risk of failure)
Press: ? - help, Shift-Dir - straight line, f/p - Rupert
Aim: Rupert, wielding a +1 battleaxe of flaming and wearing a +1 scale mail of fire resistance (severely wounded, berserk, covering ground slowly, 81% to hit)
The stone arrow hits Rupert!!
Rupert is almost dead.
Rupert hits you with a +1 battleaxe of flaming!
* * * LOW HITPOINT WARNING * * *
The cyan ugly thing punches you but does no damage.
Rupert misses you.
Casting: Stone Arrow (safe; 1% risk of failure)
Confirm with . or Enter, or press ? or * to list all spells.
Aiming: Stone Arrow (safe; 1% risk of failure)
Press: ? - help, Shift-Dir - straight line, f/p - Rupert
Aim: Rupert, wielding a +1 battleaxe of flaming and wearing a +1 scale mail of fire resistance (almost dead, berserk, covering ground slowly, 81% to hit)
The stone arrow hits Rupert!
Rupert is almost dead.
Rupert closely misses you.
A kobold demonologist comes into view. It is wielding a +0 dagger.
The cyan ugly thing becomes momentarily stuck in the liquid earth.
You feel much better.
The kobold demonologist shouts!
Rupert hits you with a +1 battleaxe of flaming.
The cyan ugly thing closely misses you.
Rupert hits you with a +1 battleaxe of flaming!!!
Ouch! That really hurt!
* * * LOW HITPOINT WARNING * * *
Rupert burns you!
You die...

###....########
#......# #....#
#.##...# #....#
#.###### #....#
#.# #....# ##.#
###... # ###..#
#.##
#...###...##..#
#.#.
#...K)†@......#
#...
....##@u####..#
#..# #. #y## ##
#..# ... #...
#..# ####.#.
#.. #...... #..
#...... .<.
#...... #......


You could see Rupert (berserk, struggling), a cyan ugly thing (struggling), a
kobold demonologist and a vampire mosquito.

Vanquished Creatures
  Harold (D:11)
  3 hydras
  2 two-headed ogres
  A deep troll (D:11)
  Pikel (D:8)
  A necromancer (D:11)
  A deep elf pyromancer (D:12)
  2 gargoyles (D:12)
  3 kobold demonologists
  A komodo dragon (D:6)
  3 trolls
  9 slime creatures
  Grinder (D:3)
  A wyvern (D:11)
  4 yaks (D:12)
  A shadow (D:10)
  3 wraiths
  3 vampires
  4 vampire mosquitoes
  A steam dragon (D:10)
  A water moccasin (D:7)
  3 black bears
  2 ice beasts
  9 orc warriors
  4 ogres
  2 centaurs
  2 lemures (D:8)
  A phantom (D:5)
  8 kobold brigands
  2 necrophages
  A gnoll sergeant (D:12)
  2 bullfrogs
  3 scorpions
  4 wights (D:9)
  3 killer bees (D:8)
  3 electric eels (D:6)
  5 howler monkeys
  10 orc priests
  2 gnoll shamans
  A hound (D:6)
  4 jellies
  Jessica (D:2)
  5 iguanas
  9 orc wizards
  5 polar bear simulacra (D:11)
  A yak simulacrum (D:11)
  5 wolf simulacra (D:11)
  30 gnolls
  8 adders
  2 shadow imps
  3 white imps
  A worm (D:2)
  2 dart slugs
  52 orcs
  4 ball pythons
  5 bats
  9 endoplasms
  4 giant cockroaches
  12 goblins
  13 hobgoblins
  2 quokkas (D:4)
  8 frilled lizards
  66 kobolds
  3 rats (D:1)
368 creatures vanquished.

Vanquished Creatures (collateral kills)
  A vampire mosquito (D:13)
1 creature vanquished.

Grand Total: 369 creatures vanquished

Notes
Turn   | Place    | Note
-------+----------+-------------------------------------------
     0 | D:1      | Ijustatesigmund the Gargoyle Earth Elementalist began the
                  | quest for the Orb.
     0 | D:1      | Reached XP level 1. HP: 10/10 MP: 3/3
   281 | D:1      | Reached XP level 2. HP: 15/15 MP: 3/5
  1288 | D:1      | Reached XP level 3. HP: 20/20 MP: 4/6
  1627 | D:1      | Found a faded altar of an unknown god.
  1652 | D:2      | Noticed Jessica
  1661 | D:2      | Killed Jessica
  1662 | D:2      | Reached skill level 1 in Fighting
  1662 | D:2      | Reached skill level 1 in Maces & Flails
  1882 | D:2      | Reached XP level 4. HP: 25/25 MP: 6/8
  1937 | D:2      | Learned a level 3 spell: Stone Arrow
  3157 | D:3      | Found a bloodstained altar of Trog.
  3158 | D:3      | Found a basalt altar of Yredelemnul.
  3494 | D:3      | Reached skill level 1 in Conjurations
  3507 | D:3      | Noticed Grinder
  3571 | D:3      | Killed Grinder
  3572 | D:3      | Reached XP level 5. HP: 29/29 MP: 0/11
  3572 | D:3      | Reached XP level 6. HP: 34/34 MP: 0/12
  3743 | D:4      | Found a hazy altar of Hepliaklqana.
  3775 | D:4      | Reached XP level 7. HP: 17/38 MP: 13/13
  3936 | D:4      | Found a runed translucent gate.
  3936 | D:4      | Found a runed translucent gate.
  3936 | D:4      | Found a runed translucent gate.
  3939 | D:4      | Noticed hemabe1971's ghost (novice HuAr)
  4312 | D:3      | Reached skill level 5 in Spellcasting
  4877 | D:4      | Reached skill level 5 in Conjurations
  5325 | D:4      | Found a staircase to the Ecumenical Temple.
  5328 | D:4      | You fall into a shaft and drop 2 floors!
  5352 | D:5      | Entered Level 5 of the Dungeon
  5622 | Temple   | Entered the Ecumenical Temple
  5740 | Temple   | Became a worshipper of Cheibriados the Contemplative
  5905 | D:5      | Reached skill level 1 in Invocations
  5905 | D:5      | Reached XP level 8. HP: 40/43 MP: 0/16
  6719 | D:5      | Found a glowing silver altar of Zin.
  6881 | D:3      | Reached skill level 5 in Earth Magic
  7774 | D:6      | Reached * piety under Cheibriados
  8406 | D:6      | Reached skill level 1 in Armour
  8453 | D:6      | Reached XP level 9. HP: 48/48 MP: 14/18
  8526 | D:6      | Found a shadowy altar of Dithmenos.
  8526 | D:6      | Found a shimmering altar of Xom.
  8526 | D:6      | Found an ancient bone altar of Kikubaaqudgha.
  9011 | D:6      | Reached ** piety under Cheibriados
  9270 | D:6      | Reached *** piety under Cheibriados
  9869 | D:7      | Found Ijaak's Assorted Antiques.
  9873 | D:7      | Bought a scroll of identify for 50 gold pieces
  9873 | D:7      | Bought an inky potion for 22 gold pieces
  9873 | D:7      | Bought 2 scrolls of teleportation for 150 gold pieces
 10333 | D:7      | Bought an embroidered scarf for 200 gold pieces
 10410 | D:7      | Noticed a komodo dragon
 10431 | D:7      | Reached **** piety under Cheibriados
 10437 | D:6      | Killed a komodo dragon
 10438 | D:6      | Reached skill level 5 in Invocations
 11222 | D:7      | Reached skill level 5 in Fighting
 11222 | D:7      | Reached XP level 10. HP: 59/59 MP: 12/19
 11447 | D:7      | Noticed Necrophagist's ghost (novice HOFi)
 11492 | D:7      | Found a transporter.
 11565 | D:7      | Found a transporter.
 12003 | D:8      | Reached ***** piety under Cheibriados
 12021 | D:8      | Reached skill level 5 in Armour
 12249 | D:8      | Noticed Pikel
 12259 | D:8      | Killed Pikel
 12260 | D:8      | Reached skill level 5 in Maces & Flails
 12352 | D:8      | Found the +7 Throatcutter {drain, coup de grace}
 12352 | D:8      | Noticed a kobold demonologist
 12352 | D:8      | Noticed a kobold demonologist
 12358 | D:8      | Killed a kobold demonologist
 12362 | D:8      | Killed a kobold demonologist
 12995 | D:9      | Identified the +1 pair of boots of the Ditch-Digger {+Blink
                  | rC++ Will- Str+5}
 13027 | D:9      | Learned a level 2 spell: Blink
 13381 | D:10     | Entered Level 10 of the Dungeon
 13397 | D:10     | Noticed a kobold demonologist
 13402 | D:10     | Killed a kobold demonologist
 13454 | D:10     | Reached skill level 1 in Translocations
 13454 | D:10     | Reached skill level 1 in Evocations
 13521 | D:10     | Reached XP level 11. HP: 43/66 MP: 9/20
 13543 | D:10     | Found a flagged portal.
 13559 | Bailey   | Entered a bailey
 13612 | Bailey   | Upgraded the game from 0.29-a0-555-g3b24f45cc1 to
                  | 0.29-a0-559-g359e09b9d1
 13637 | Bailey   | Noticed an orc warlord
 13721 | Bailey   | Found a runed translucent gate.
 13722 | Bailey   | Found a runed translucent gate.
 13723 | Bailey   | Found a runed translucent gate.
 13808 | Bailey   | Learned a level 2 spell: Passwall
 13992 | D:10     | Acquired 722 gold pieces
 13996 | D:10     | Acquired the +4 pair of gloves of the Desolation of Salt
                  | {*Corrode +Blink rN+ Will+}
 14503 | D:11     | Noticed a two-headed ogre
 14510 | D:11     | Killed a two-headed ogre
 14683 | D:11     | Noticed Harold
 14701 | D:11     | Killed Harold
 15353 | D:11     | Noticed a four-headed hydra
 15358 | D:11     | Killed a four-headed hydra
 15358 | D:11     | Reached ****** piety under Cheibriados
 15466 | D:11     | Found a staircase to the Lair.
 15594 | D:11     | Found a staircase to the Orcish Mines.
 15629 | D:11     | Noticed a necromancer
 15633 | D:11     | Killed a necromancer
 15770 | D:11     | Noticed a deep troll
 15774 | D:11     | Killed a deep troll
 15911 | D:12     | Found Zolorgh's Book Shop.
 15919 | D:12     | Bought a book of the Earth for 540 gold pieces
 15924 | D:12     | Learned a level 4 spell: Leda's Liquefaction
 15946 | D:12     | Reached skill level 1 in Hexes
 15999 | D:12     | Found Mottehol's Magic Scroll Shoppe.
 16240 | D:12     | Reached XP level 12. HP: 72/72 MP: 23/23
 16400 | D:12     | Found Muloh's Magic Scroll Shop.
 16407 | D:12     | Bought a scroll of blinking for 97 gold pieces
 16407 | D:12     | Bought a scroll of teleportation for 39 gold pieces
 16407 | D:12     | Bought a scroll of teleportation for 39 gold pieces
 16407 | D:12     | Bought a scroll of magic mapping for 45 gold pieces
 16407 | D:12     | Bought a scroll of teleportation for 39 gold pieces
 16554 | D:12     | Noticed a six-headed hydra
 16559 | D:12     | Killed a six-headed hydra
 16871 | D:12     | Found Noegaecia's Magic Scroll Shoppe.
 17044 | D:12     | Bought a scroll of enchant armour for 112 gold pieces
 17044 | D:12     | Bought a scroll of poison for 52 gold pieces
 17126 | D:12     | Found a portal to a secret trove of treasure.
 17320 | D:12     | Learned a level 5 spell: Lee's Rapid Deconstruction
 17576 | D:11     | Learned a level 1 spell: Apportation
 17626 | D:13     | Noticed a seven-headed hydra
 17636 | D:13     | Killed a seven-headed hydra
 17773 | D:13     | Noticed a two-headed ogre
 17774 | D:13     | Noticed Rupert
 17776 | D:13     | Killed a two-headed ogre
 17790 | D:13     | Slain by Rupert

Illustrated notes

Levels and vault maps discovered:
D:1:      minmay_arrival_semitransparent, layout_loops_ring,
          shapermc_ecumenical_altar_mp_vishouse
D:2:      layout_loops_corners, grunt_decor_arrowhead, uniq_jessica
D:3:      kennysheep_six_static_rooms, layout_basic, minitemple, nrook_uturn,
          minivault_24, uniq_grinder
D:4:      layout_rooms, mainiacjoe_overflow_cross_hatched,
          minmay_temple_entry_poolview, biasface_ghost_orc_armoury
D:5:      layout_gridville, zin_scriptorium, serial_glass, glass_columns_b,
          glass_columns_a, glass_columns_a, glass_columns_a, glass_columns_c,
          glass_columns_b, minmay_holes
D:6:      minmay_goblin_kobold_castle, layout_cave_pools,
          chequers_temple_overflow_statue_of_worship, kennysheep_doodads,
          bh_walls_and_bars
D:7:      layout_rooms, gammafunk_ghost_hive, serial_shops,
          nicolae_shop_hallway_stairs, minmay_quadrilaterals
D:8:      layout_rooms, special_room [special_room_orc], grunt_ministairs_4,
          dilly_guarded_unrand_throatcut, uniq_pikel
D:9:      layout_cave_pools
D:10:     layout_loops_ring, enter_bailey_5
D:11:     dreamdust_cave_troll, layout_irregular_city, dpeg_oklobed_lair,
          eino_house_with_fridge, uniq_harold
D:12:     layout_basic, nicolae_trove_entry_columns, serial_shops,
          nicolae_shop_stone, nicolae_inconvenience_store, shop, shop
D:13:     layout_rooms, erik_vaults_2, uniq_erolcha, uniq_rupert
Temple:   regret_index_temple_waves

Skill      XL: |  1  2  3  4  5  6  7  8  9 10 11 12 |
---------------+-------------------------------------+-----
Earth Magic    | 4 6 8 |  8.1
Fighting       | 1 2 5 6 7 |  7.1
Maces & Flails | 1 2 4 6 |  6.0
Conjurations   | 3 4 5 6 8 |  8.2
Spellcasting   | 4 5 6 7 |  7.4
Invocations    | 1 3 5 7 8 |  8.7
Armour         | 1 4 6 |  6.3
Translocations | 1 3 |  3.0
Evocations     | 1 3 |  3.0
Dodging        | 2 |  2.5
Hexes          | 3 4 |  4.6
Shields        | 4 |  4.2
Stealth        | |  2.1
Transmutations | |  0.7

Action                   |  1- 3 |  4- 6 |  7- 9 | 10-12 || total
-------------------------+-------+-------+-------+-------++-------
Melee: Mace              |     1 |       |   203 |   275 ||   479
       Flail             |       |    25 |    29 |       ||    54
       Punch             |       |       |     4 |     5 ||     9
 Cast: Sandblast         |    38 |    38 |    39 |    12 ||   127
       Stone Arrow       |       |     1 |   134 |   196 ||   331
       Lee's Rapid Decon |       |       |       |     6 ||     6
       Leda's Liquefacti |       |       |       |     3 ||     3
       Passwall          |       |       |       |     2 ||     2
Evoke: Wand              |       |     5 |     1 |    16 ||    22
       Phantom mirror    |       |       |       |     1 ||     1
  Use: Scroll            |     3 |     6 |    13 |    14 ||    36
       Potion            |     1 |     3 |     3 |     4 ||    11
 Stab: Sleeping          |       |       |       |     2 ||     2
Armor: Robe              |     2 |    13 |   164 |   116 ||   295
       Troll leather arm |       |       |       |    40 ||    40
Dodge: Dodged            |    10 |    40 |   419 |   304 ||   773
Block: Kite shield       |       |       |       |     7 ||     7

Table legend: (Time is in decaauts)
 A = Elapsed time spent in this place.
 B = Non-inter-level travel time spent in this place.
 C = Inter-level travel time spent in this place.
 D = Time resting spent in this place.
 E = Time spent auto-exploring this place.
 F = Levels seen in this place.
 G = Mean time per level.
                   A        B        C        D        E       F      G
               +--------+--------+--------+--------+--------+-----+--------+
         Total |  22579 |  21349 |   1230 |   5268 |  12156 |  15 | 1505.3 |
       Dungeon |  21996 |  20846 |   1150 |   5188 |  12090 |  13 | 1692.0 |
        Temple |    154 |     75 |     79 |      0 |     59 |   1 |  154.0 |
        Bailey |    429 |    429 |      0 |     80 |      5 |   1 |  429.0 |
               +--------+--------+--------+--------+--------+-----+--------+

Top non-repeatable levels by time:
     D:6: 3525 daAuts
    D:11: 2651 daAuts
    D:12: 2460 daAuts
     D:3: 1994 daAuts
     D:5: 1648 daAuts
     D:1: 1638 daAuts
     D:8: 1430 daAuts
     D:7: 1360 daAuts
     D:2: 1331 daAuts
    D:10: 1263 daAuts
     D:4: 1212 daAuts
     D:9: 1207 daAuts
  Bailey: 429 daAuts
    D:13: 273 daAuts
  Temple: 154 daAuts
